 Dungeon Crawl Stone Soup version 0.20.0-15-g7f486f2 (webtiles) character file.

49 vishdafish the Chopper (level 3, 0/49 HPs)
             Began as a Minotaur Berserker on June 17, 2017.
             Was a Believer of Trog.
             Slain by Robin
             ... wielding a +0 trident of piercing
              (1 damage)
             ... on level 3 of the Dungeon.
             The game lasted 00:13:32 (1271 turns).

vishdafish the Chopper (Minotaur Berserker)         Turns: 1271, Time: 00:13:33

Health: 0/49       AC:  2    Str: 27    XL:     3   Next: 53%
Magic:  2/2        EV: 12    Int:  4    God:    Trog [**....]
Gold:   90         SH:  0    Dex:  9    Spells: 2/2 levels left

rFire    . . .     SeeInvis .   a - +0 hand axe
rCold    . . .     Gourm    .   (no shield)
rNeg     . . .     Faith    .   b - +0 animal skin
rPois    .         Spirit   .   (helmet restricted)
rElec    .         Reflect  .   (no cloak)
rCorr    .         Harm     .   (no gloves)
MR       .....                  (no boots)
Stlth    ..........             (no amulet)
Regen    0.2/turn               (no ring)
MPRegen  0.1/turn               (no ring)

@: berserking (expiring), very quick
A: retaliatory headbutt, horns 2
a: Berserk, Trog's Hand, Burn Spellbooks, Renounce Religion


You were on level 3 of the Dungeon.
You worshipped Trog.
Trog was pleased with you.
You were not hungry.

You visited 1 branch of the dungeon, and saw 3 of its levels.

You collected 90 gold pieces.

Inventory:

Hand Weapons
 a - a +0 hand axe (weapon)
 g - a +0 club
 i - a +0 short sword
 o - a +0 war axe
 p - a +0 quarterstaff of protection
Missiles
 d - 40 bolts
 n - 43 arrows
 r - 25 stones (quivered)
Armour
 b - a +0 animal skin (worn)
 f - a +0 leather armour
 m - a +0 robe
 s - a +0 ring mail
 t - a +0 ring mail
Scrolls
 e - 3 scrolls of teleportation {unknown}
 h - a scroll of remove curse {unknown}
 j - a scroll of fear {unknown}
Potions
 c - a potion of degeneration {unknown}
 l - a potion of flight {unknown}
 q - a potion of ambrosia {unknown}
Comestibles
 k - a meat ration


   Skills:
 + Level 4.2 Fighting
 + Level 4.4 Axes
 * Level 2.8 Armour
 + Level 2.6 Dodging
 - Level 0.1 Stealth


You had 2 spell levels left.
You didn't know any spells.

Dungeon Overview and Level Annotations

Branches:
Dungeon (3/15)

Altars:
Kikubaaqudgha

Annotations:
D:3 Robin


Innate Abilities, Weirdness & Mutations

You reflexively headbutt those who attack you in melee.
You have a pair of horns on your head.


Message History

A goblin comes into view.
You miss the goblin. The goblin hits you with a club.
* * * LOW HITPOINT WARNING * * *
Robin hits you from afar with a trident of piercing.
* * * LOW HITPOINT WARNING * * *
x2 You slash the goblin!
You kill the goblin!
Trog accepts your kill.
You slash the goblin!
You kill the goblin!
Trog accepts your kill. Robin barely misses you.
You closely miss the goblin.
Robin says, "Kneel, worm!"
Robin closely misses you. The goblin misses you.
You closely miss the goblin. You barely miss the goblin.
Your headbutt misses the goblin.
Robin hits you from afar with a trident of piercing!
* * * LOW HITPOINT WARNING * * *
You die...

#
###.#....#.....##
#.#....#.####...
#.#....#.# #
#....#.# ######.#
#.# ##.## #.#
......#########.#
#.gg@().(....#
#.############


You could see Robin and a goblin.

Vanquished Creatures
  An adder (D:3)
  2 dart slugs
  A giant cockroach (D:2)
  13 goblins
  4 hobgoblins
  A ball python (D:3)
  3 bats
  2 frilled lizards
  2 kobolds (D:1)
  4 rats
33 creatures vanquished.

Notes
Turn   | Place    | Note
-------+----------+-------------------------------------------
     0 | D:1      | vishdafish the Minotaur Berserker began the quest for the Orb.
     0 | D:1      | Reached XP level 1. HP: 19/19 MP: 0/0
   280 | D:1      | Reached XP level 2. HP: 25/27 MP: 1/1
   663 | D:2      | Found an ancient bone altar of Kikubaaqudgha.
  1222 | D:3      | Reached XP level 3. HP: 16/33 MP: 2/2
  1250 | D:3      | Noticed Robin
  1255 | D:3      | Reached ** piety under Trog
  1271 | D:3      | HP: 1/49 [Robin/trident of piercing (9)]
  1271 | D:3      | Slain by Robin

Skill      XL: |  1  2 |
---------------+-------+-----
Axes           | 4 |  4.4
Fighting       | 4 |  4.2
Armour         | |  2.8
Dodging        | |  2.6
Stealth        | |  0.1

Action                   || total
-------------------------++-------
Melee: Hand axe          ||    56
       Headbutt          ||    13
Invok: Burn Spellbooks   ||     1
       Berserk           ||     1
  Eat: Bread ration      ||     1
Armor: Animal skin       ||     7
Dodge: Dodged            ||    25
